 Dungeon Crawl Stone Soup version 0.18.1-8-gdd0e5ea (webtiles) character file.

5226 tyrsky the Cruncher (level 10, 0/90 HPs)
             Began as a Minotaur Gladiator on May 29, 2016.
             Was a High Priest of Okawaru.
             Slain by a yak (16 damage)
             ... on level 1 of the Lair of Beasts.
             The game lasted 00:25:37 (7190 turns).

tyrsky the Cruncher (Minotaur Gladiator)            Turns: 7190, Time: 00:25:37

Health: 0/90       AC:  7    Str: 21    XL:     10   Next: 35%
Magic:  9/9        EV: 15    Int: 10    God:    Okawaru [*****.]
Gold:   485        SH:  0    Dex: 11    Spells: 0 memorised, 9 levels left

rFire  . . .     SeeInvis .     t - +4 quarterstaff (chaos)
rCold  + . .     Gourm    +     P - +1 robe of Untruth {rPois rC+ Int+5}
rNeg   . . .     Faith    .     (shield currently unavailable)
rPois  +         Spirit   .     c - +0 hat
rElec  .         Dismiss  .     u - +0 cloak
rCorr  .         Reflect  .     Q - +0 pair of gloves
SustAt .         Harm     .     J - +0 pair of boots
MR     +....                    d - amulet of the gourmand
Stlth  ..........               (no ring)
                                H - ring of loudness

@: somewhat resistant to hostile enchantments, extremely unstealthy
A: retaliatory headbutt, horns 2, clumsy 1, magic resistance 1, MP-powered wands
a: Heroism, Finesse, Renounce Religion


You were on level 1 of the Lair of Beasts.
You worshipped Okawaru.
Okawaru was extremely pleased with you.
You were very hungry.

You visited 2 branches of the dungeon, and saw 10 of its levels.
You also visited: Ossuary.

You collected 485 gold pieces.

Inventory:

Hand Weapons
 a - a +0 quarterstaff of flaming
 t - a +4 quarterstaff of chaos (weapon)
Missiles
 D - 2 javelins of returning (quivered)
Armour
 b - a +0 leather armour
 c - a +0 hat (worn)
 u - a +0 cloak (worn)
 J - a +0 pair of boots (worn)
 M - a +0 plate armour
 P - the +1 robe of Untruth (worn) {rPois rC+ Int+5}
   (You found it on level 7 of the Dungeon)

   It affects your intelligence (+5).
   It protects you from cold.
   It protects you from poison.
 Q - a +0 pair of gloves (worn)
Rods
 x - a +0 rod of inaccuracy (10/10)
   (You took it off an orc on level 8 of the Dungeon)
Jewellery
 d - an amulet of the gourmand (around neck)
 i - a +2 amulet of reflection
 H - a ring of loudness (left hand)
Wands
 s - a wand of flame (26/48)
 A - a wand of lightning (9/15)
 N - a wand of lightning (4/15)
 O - a wand of confusion (12/48)
 R - a wand of enslavement (12/24)
Scrolls
 e - 2 scrolls of remove curse
 g - a scroll of magic mapping
 h - a scroll of fog {unknown}
 j - 5 scrolls of identify {@*1}
 k - a scroll of fear
 w - a scroll of teleportation
 y - a scroll of recharging
 I - 2 scrolls of enchant armour {unknown}
Potions
 l - 5 potions of cancellation
 m - 3 potions of mutation
 n - 5 potions of haste
 o - a potion of ambrosia {unknown}
 p - a potion of invisibility
 q - 2 potions of agility
 z - 4 potions of flight
 B - 3 potions of curing
 C - a potion of experience
 G - a potion of degeneration
Comestibles
 f - 4 bread rations
 r - 5 meat rations
 v - a beef jerky
 E - 2 slices of pizza
 F - a royal jelly
 L - 9 fruits


   Skills:
 + Level 8.9 Fighting
 * Level 11.8 Staves
 - Level 2.0 Throwing
 + Level 8.0 Armour
 + Level 8.4 Dodging


You had 9 spell levels left.
You didn't know any spells.

Dungeon Overview and Level Annotations

Branches:
Dungeon (8/15)             Temple (0/1) D:4            Lair (2/8) D:8

Altars:
Cheibriados
Elyvilon
Fedhas
Gozag
Kikubaaqudgha
Makhleb
Nemelex Xobeh
Okawaru
Sif Muna
Xom
Yredelemnul
Zin

Shops:
D:8 %


Innate Abilities, Weirdness & Mutations

You reflexively headbutt those who attack you in melee.
You have a pair of horns on your head.
You are clumsy. (Dex -2)
You are resistant to hostile enchantments.
You expend magic power (3 MP) to strengthen your wands.


Message History

Drink which item? (? for menu, Esc to quit)
You feel much better. The yak barely misses you.
You sock the yak!
The yak is poisoned.
The yak is moderately wounded.
The yak gores you!
You thump the yak! You headbutt the yak, but do no damage.
The yak is heavily wounded.
The yak gores you!
* * * LOW HITPOINT WARNING * * *
You hit the yak but do no damage.
The yak is heavily wounded.
You completely miss the yak. You headbutt the yak.
The yak is heavily wounded.
The yak gores you!
* * * LOW HITPOINT WARNING * * *
You hit the yak.
The yak is severely wounded.
The yak gores you!
You die...

#.......##
####........#
#.####....#.# ##.##
##....## #...##
#..### #....###..#
#.....##..###
##..>..P#.Y#P####
#P.....†.YYYH##P#
###.....#.###...####
#......## ###..÷.#
#####.## ####....[..
### #...... §.....
...§. ..... ....


You could see 4 yaks.

Vanquished Creatures
  Pikel (D:6)
  Prince Ribbit (D:5)
  4 blink frogs (Lair:1)
  Sigmund (D:5)
  3 yaks
  The ghost of Loading the Chopper, an amateur HOFi (D:4)
  A hungry ghost (D:7)
  Duvessa (D:7)
  2 orc warriors
  A sky beast (D:7)
  2 ogres
  2 centaurs
  2 crocodiles (D:8)
  3 big kobolds
  A giant frog (D:6)
  A gnoll sergeant (D:3)
  Dowan (D:7)
  The ghost of kokalle the Ruffian, a weakling DDMo of Gozag (D:3)
  A wyvern skeleton (D:7)
  4 scorpions
  A howler monkey (D:7)
  3 centaur zombies
  2 crimson imps
  3 gnoll shamans (D:3)
  3 orc priests
  2 jellies
  3 orc wizards
  An iguana (D:8)
  Crazy Yiuf (D:2)
  A centaur skeleton (D:6)
  3 worker ants
  2 big kobold zombies (Ossuary)
  2 mummies (Ossuary)
  Robin (D:3)
  39 gnolls (D:3)
  9 adders
  3 river rats (D:8)
  4 worms
  2 adder skeletons
  3 adder zombies (Ossuary)
  A dart slug (D:2)
  5 giant geckos
  14 orcs
  11 bats
  7 giant cockroaches
  8 goblins
  10 hobgoblins
  25 jackals
  17 kobolds
  3 quokkas
  A giant gecko skeleton (D:4)
  A giant gecko zombie (D:7)
  4 giant newts
  A goblin zombie (D:8)
  11 hobgoblin zombies (Ossuary)
  A jackal skeleton (D:7)
  10 kobold zombies
  4 orc zombies (Ossuary)
  A quokka zombie (D:5)
  11 rats
  3 rat zombies (Ossuary)
  A spectral orc (D:4)
272 creatures vanquished.

Vanquished Creatures (others)
  A river rat (D:8)
  18 fungi (D:8)
  2 plants (D:8)
21 creatures vanquished.

Grand Total: 293 creatures vanquished

Notes
Turn   | Place    | Note
--------------------------------------------------------------
     0 | D:1      | tyrsky the Minotaur Gladiator began the quest for the Orb.
     0 | D:1      | Reached XP level 1. HP: 18/18 MP: 0/0
   223 | D:1      | Reached skill level 1 in Armour
   223 | D:1      | Reached XP level 2. HP: 24/25 MP: 1/1
   654 | D:2      | Found a snail-covered altar of Cheibriados.
   689 | D:2      | Reached skill level 4 in Staves
   856 | D:2      | Found an iron altar of Okawaru.
   866 | D:2      | Became a worshipper of Warmaster Okawaru
   895 | D:2      | Reached XP level 3. HP: 26/31 MP: 2/2
  1167 | D:2      | Found a deep blue altar of Sif Muna.
  1230 | D:2      | Noticed Crazy Yiuf
  1237 | D:2      | Killed Crazy Yiuf
  1237 | D:2      | Reached XP level 4. HP: 19/38 MP: 3/3
  1402 | D:3      | Noticed kokalle's ghost (weakling DDMo)
  1404 | D:3      | Reached skill level 5 in Staves
  1421 | D:3      | Killed kokalle's ghost
  1421 | D:3      | Reached XP level 5. HP: 43/45 MP: 4/4
  1479 | D:3      | Noticed Robin
  1523 | D:3      | Killed Robin
  1642 | D:3      | Found a deep blue altar of Sif Muna.
  2095 | D:3      | Reached * piety under Okawaru
  2128 | D:3      | Reached XP level 6. HP: 52/52 MP: 5/5
  2412 | D:3      | Reached skill level 6 in Staves
  2686 | D:3      | Gained mutation: You expend magic power (3 MP) to strengthen your wands. [potion of mutation]
  2686 | D:3      | Gained mutation: You are clumsy. (Dex -2) [potion of mutation]
  2686 | D:3      | Gained mutation: You are resistant to hostile enchantments. [potion of mutation]
  3159 | D:3      | Reached XP level 7. HP: 60/60 MP: 6/6
  3231 | D:3      | Reached skill level 5 in Dodging
  3432 | D:3      | Reached skill level 5 in Fighting
  3454 | D:3      | Reached skill level 7 in Staves
  3711 | D:4      | Reached ** piety under Okawaru
  3830 | D:4      | Found a basalt altar of Yredelemnul.
  3955 | D:4      | Reached XP level 8. HP: 52/70 MP: 7/7
  3977 | D:4      | Found a staircase to the Ecumenical Temple.
  4005 | D:4      | Noticed Loading's ghost (amateur HOFi)
  4012 | D:4      | Killed Loading's ghost
  4012 | D:4      | Reached skill level 8 in Staves
  4012 | D:4      | Reached skill level 5 in Armour
  4147 | D:4      | Found a sparkling altar of Nemelex Xobeh.
  4147 | D:4      | Found an opulent altar of Gozag.
  4191 | D:5      | Entered Level 5 of the Dungeon
  4211 | D:5      | Found a white marble altar of Elyvilon.
  4265 | D:5      | Noticed Prince Ribbit
  4277 | D:5      | Killed Prince Ribbit
  4425 | D:5      | Found a shimmering altar of Xom.
  4501 | D:5      | Reached *** piety under Okawaru
  4757 | D:5      | Noticed Sigmund
  4766 | D:5      | Killed Sigmund
  4766 | D:5      | Reached skill level 9 in Staves
  5006 | D:6      | Reached XP level 9. HP: 68/78 MP: 8/8
  5111 | D:6      | Noticed Pikel
  5117 | D:6      | Killed Pikel
  5117 | D:6      | Reached skill level 10 in Staves
  5170 | D:6      | Reached **** piety under Okawaru
  5550 | D:7      | Noticed Duvessa
  5554 | D:7      | Killed Duvessa
  5563 | D:7      | Noticed Dowan
  5566 | D:7      | Killed Dowan
  5614 | D:7      | Found an ancient bone altar of Kikubaaqudgha.
  5854 | D:7      | Found a glowing silver altar of Zin.
  5854 | D:7      | Found a burning altar of Makhleb.
  5855 | D:7      | Noticed an Executioner
  5855 | D:7      | Noticed an angel
  5865 | D:7      | Got a silken robe
  5876 | D:7      | Identified the +1 robe of Untruth {rPois rC+ Int+5} (You found it on level 7 of the Dungeon)
  6039 | D:8      | Found Oghoffere's Food Shoppe.
  6054 | D:8      | Reached skill level 11 in Staves
  6138 | D:8      | Found a sand-covered staircase.
  6143 | Ossuary  | Entered an ossuary
  6512 | D:8      | Reached XP level 10. HP: 85/90 MP: 9/9
  6601 | D:8      | Found a staircase to the Lair.
  6636 | D:8      | Found a blossoming altar of Fedhas.
  6880 | Lair:1   | Entered Level 1 of the Lair of Beasts
  7165 | Lair:1   | Reached ***** piety under Okawaru
  7190 | Lair:1   | Slain by a yak

Skill      XL: |  1  2  3  4  5  6  7  8  9 10 |
---------------+-------------------------------+-----
Armour         | 1 2 3 4 5 7 8 |  8.0
Staves         | 4 5 6 7 9 11 | 11.8
Fighting       | 3 4 5 6 8 |  8.9
Dodging        | 4 5 6 7 8 |  8.4
Throwing       | |  2.0

Action                   |  1- 3 |  4- 6 |  7- 9 | 10-12 || total
-------------------------+-------+-------+-------+-------++-------
Melee: Quarterstaff      |    65 |   144 |   270 |    61 ||   540
       Headbutt          |    10 |    20 |    44 |    12 ||    86
Throw: Throwing net      |    27 |    14 |     1 |       ||    42
       Javelin           |       |       |   161 |    32 ||   193
Invok: Heroism           |       |       |     2 |       ||     2
  Use: Potion            |       |     1 |     1 |     1 ||     3
       Scroll            |       |       |    19 |       ||    19
 Stab: Held in net/web   |     6 |     2 |       |       ||     8
       Petrifying        |       |       |     2 |       ||     2
  Eat: Chunk             |     1 |     6 |    12 |     1 ||    20
Armor: Leather armour    |     4 |    13 |     9 |       ||    26
       Robe              |       |       |    19 |     5 ||    24
       Plate armour      |       |       |     8 |       ||     8
Dodge: Dodged            |    22 |    95 |   134 |    36 ||   287
Block: Other             |     5 |    11 |     3 |       ||    19
